 Dungeon Crawl Stone Soup version 0.21.1-1-g345015f (webtiles) character file.

116 inc the Cudgeler (level 5, 0/54 HPs)
             Began as an Ogre Monk on June 12, 2018.
             Slain by a centaur skeleton (1 damage)
             ... on level 4 of the Dungeon.
             The game lasted 00:02:48 (2620 turns).

inc the Cudgeler (Ogre Monk)                        Turns: 2620, Time: 00:02:48

Health: 0/54       AC:  3    Str: 15    XL:     5   Next: 1%
Magic:  5/5        EV: 10    Int: 12    God:
Gold:   108        SH:  0    Dex: 11    Spells: 4/4 levels left

rFire    . . .     SeeInvis .   a - +0 mace
rCold    . . .     Gourm    .   (no shield)
rNeg     . . .     Faith    .   b - +0 robe
rPois    .         Spirit   .   (helmet restricted)
rElec    .         Reflect  .   (no cloak)
rCorr    .         Harm     .   (gloves unavailable)
MR       .....                  (boots unavailable)
Stlth    ++........             (no amulet)
HPRegen  0.18/turn              (no ring)
MPRegen  0.09/turn              (no ring)

@: lethally poisoned (0 -> -2)
A: large, unfitting armour, tough skin 1
a: no special abilities


You were on level 4 of the Dungeon.
You were hungry.

You visited 1 branch of the dungeon, and saw 4 of its levels.

You collected 108 gold pieces.

Inventory:

Hand Weapons
 a - a +0 mace (weapon)
Armour
 b - a +0 robe (worn)
Jewellery
 l - an uncursed ring of fire
Scrolls
 f - 2 scrolls of noise {unknown}
 g - a scroll of identify
 i - 2 scrolls of remove curse {unknown}
 j - a scroll of enchant weapon {unknown}
 k - a scroll of enchant armour {unknown}
 m - a scroll of amnesia {unknown}
 o - a scroll of immolation {unknown}
Potions
 d - 4 potions of curing
 e - a potion of might
 h - 3 potions of degeneration
Comestibles
 c - 5 rations


   Skills:
 - Level 4.0 Fighting
 + Level 5.0 Maces & Flails
 - Level 2.6 Dodging
 - Level 1.4 Stealth


You had 4 spell levels left.
You didn't know any spells.

Dungeon Overview and Level Annotations

Branches:
Dungeon (4/15)
 Temple: D:4-7

Altars:

Annotations:
D:3 emiel's ghost, amateur OgWn


Innate Abilities, Weirdness & Mutations

You are too large for most types of armour.
You have tough skin. (AC +1)


Message History

* * * LOW HITPOINT WARNING * * *
You hit the adder but do no damage.
The adder is heavily wounded.
The adder bites you.
* * * LOW HITPOINT WARNING * * *
You are more poisoned.
The adder poisons you! The centaur skeleton hits you.
* * * LOW HITPOINT WARNING * * *
The orc barely misses you.
You feel less invigorated.
You feel less confused. The adder bites you.
* * * LOW HITPOINT WARNING * * *
The centaur skeleton barely misses you. The adder bites you.
* * * LOW HITPOINT WARNING * * *
Unknown command.
* * * LOW HITPOINT WARNING * * *
You feel sick. The adder bites you but does no damage.
The centaur skeleton hits you.
You die...

#.#.
#.#.###
#.....#
##...#.#
#......#
#.....#
#.....#
#.S<# #@Zo#
#...#
....!...
#.##..%####
# ....#
.....#
....###
.####


You could see an adder, an orc and a centaur skeleton.

Vanquished Creatures
  An orc wizard (D:3)
  2 adders
  A worm (D:2)
  4 dart slugs
  6 orcs (D:3)
  A ball python (D:3)
  4 giant cockroaches
  2 goblins (D:1)
  6 hobgoblins
  9 kobolds
  10 bats
  3 frilled lizards
  5 rats
54 creatures vanquished.

Vanquished Creatures (others)
  4 toadstools (D:1)
4 creatures vanquished.

Grand Total: 58 creatures vanquished

Notes
Turn   | Place    | Note
-------+----------+-------------------------------------------
     0 | D:1      | inc the Ogre Monk began the quest for the Orb.
     0 | D:1      | Reached XP level 1. HP: 24/24 MP: 1/1
    65 | D:1      | Reached skill level 3 in Maces & Flails
    72 | D:1      | Reached XP level 2. HP: 17/32 MP: 2/2
   956 | D:2      | Reached XP level 3. HP: 39/39 MP: 3/3
  1282 | D:2      | Reached skill level 4 in Maces & Flails
  1904 | D:3      | Reached XP level 4. HP: 42/48 MP: 4/4
  1964 | D:3      | Noticed emiel's ghost (amateur OgWn)
  2204 | D:3      | Reached skill level 5 in Maces & Flails
  2569 | D:3      | Reached XP level 5. HP: 50/54 MP: 5/5
  2617 | D:4      | HP: 1/54 [centaur skeleton (7)]
  2620 | D:4      | Slain by a centaur skeleton

Skill      XL: |  1  2  3  4 |
---------------+-------------+-----
Maces & Flails | 3 4 5 |  5.0
Fighting       | |  4.0
Dodging        | |  2.6
Stealth        | |  1.4

Action                   |  1- 3 |  4- 6 || total
-------------------------+-------+-------++-------
Melee: Mace              |   115 |    70 ||   185
  Use: Scroll            |       |     4 ||     4
       Potion            |       |     1 ||     1
 Stab: Sleeping          |     5 |     2 ||     7
  Eat: Chunk             |     3 |     2 ||     5
Armor: Robe              |    35 |    12 ||    47
Dodge: Dodged            |    74 |    48 ||   122
